Wild vs MapleLeafs

Created - February 23 2011 at 17:59

Goals
1 2 3 T
Wild 1 1 1 3
MapleLeafs 2 1 1 4
Shots
1 2 3 T
Wild 12 7 7 26
MapleLeafs 15 10 14 39

Period #1

1. MapleLeafs , Patrick Marleau 47 (Vincent Lecavalier) at 1:14
2. Wild , Stephane Yelle 9 (Rob Niedermayer, Aaron Ward) at 18:18
3. MapleLeafs , Patrick Marleau 48 (Marian Hossa, Drew Doughty) at 19:34

Penalties :
Keith Tkachuk (TOR) for Hooking (Minor) at 1:16, Anton Volchenkov (TOR) for Hooking (Minor) at 1:47, Matt Greene (TOR) for Roughing (Minor) at 8:52, Alexei Ponikarovsky (MIN) for Holding (Minor) at 9:48, Dan Hamhuis (TOR) for Cross-checking (Minor) at 13:10, Alexei Ponikarovsky (MIN) for Hooking (Minor) at 19:39

Period #2

4. Wild , Milan Hejduk 21 (Ryan Whitney, Martin St. Louis) at 3:14 (PP)
5. MapleLeafs , Sam Gagner 15 (Joffrey Lupul, Anton Volchenkov) at 3:46

Penalties :
Drew Doughty (TOR) for Holding Stick (Minor) at 1:54, Jordin Tootoo (TOR) for Fighting (Major) at 4:50, Mark Eaton (MIN) for Fighting (Major) at 4:50, Aaron Ward (MIN) for Boarding (Minor) at 5:01, Joffrey Lupul (TOR) for Charging (Minor) at 15:43, Matt Greene (TOR) for Tripping (Minor) at 17:50

Period #3

6. MapleLeafs , Dan Hamhuis 11 (Patrick Marleau, Marian Hossa) at 15:01 (PP)
7. Wild , Joe Pavelski 27 (Milan Hejduk) at 17:52

Penalties :
Joffrey Lupul (TOR) for Hooking (Minor) at 0:58, Joe Pavelski (MIN) for Slashing (Minor) at 4:51, Matt Greene (TOR) for Goalie Interference (Minor) at 7:08, Freddy Meyer (MIN) for Tripping (Minor) at 10:07, Jan Hejda (MIN) for Roughing (Minor) at 14:26, Alexei Ponikarovsky (MIN) for Tripping (Minor) at 19:25

Goalie Stats

Ilya Bryzgalov (MIN), 35 saves from 39 shots - (0.897), L, 32-21-4, 59:56 minutes
Ryan Miller (TOR), 23 saves from 26 shots - (0.885), W, 33-20-5, 60:00 minutes

Players Stats

Wild
Player Name              G  A  P  +/- PIM S  H  SB FO    MP 
------------------------------------------------------------
Aaron Ward               0  1  1  -1  2   1  0  2  0/0   12 
Alexei Ponikarovsky      0  0  0  -1  6   1  2  0  2/2   17 
Brian Willsie            0  0  0  -1  0   0  0  0  0/0   17 
Chris Drury              0  0  0  -1  0   1  3  0  11/25 17 
Daniel Alfredsson        0  0  0  -1  0   1  0  0  0/2   20 
Freddy Meyer             0  0  0   0  2   1  4  1  0/0   21 
Jan Hejda                0  0  0  -1  2   0  0  1  0/0   22 
Jay Leach                0  0  0   0  0   1  0  0  0/0   2  
Joe Pavelski             1  0  1   1  2   4  1  1  15/24 21 
Mark Eaton               0  0  0  -2  5   0  2  0  0/0   17 
Martin St. Louis         0  1  1   1  0   1  1  0  1/3   20 
Michal Rozsival          0  0  0   1  0   0  1  0  0/0   22 
Milan Hejduk             1  1  2   1  0   4  0  0  0/0   18 
Olli Jokinen             0  0  0   0  0   1  0  0  9/12  7  
Rob Niedermayer          0  1  1  -1  0   7  1  0  13/24 16 
Robert Lang              0  0  0   0  0   0  0  0  0/0   2  
Ryan Whitney             0  1  1   1  0   0  0  1  0/0   23 
Stephane Yelle           1  0  1  -1  0   3  0  1  0/0   16 
MapleLeafs
Player Name              G  A  P  +/- PIM S  H  SB FO    MP 
------------------------------------------------------------
Anton Volchenkov         0  1  1   1  2   3  1  1  0/0   19 
Dan Hamhuis              1  0  1   1  2   3  2  0  0/0   22 
Drew Doughty             0  1  1   1  2   1  0  0  0/0   23 
Joffrey Lupul            0  1  1   1  4   5  1  0  0/0   14 
John Mitchell            0  0  0   0  0   1  0  0  4/13  10 
Jordin Tootoo            0  0  0   0  5   1  3  0  0/0   10 
Keith Tkachuk            0  0  0   0  2   2  0  0  0/1   15 
Marian Hossa             0  2  2   1  0   4  0  0  1/1   21 
Matt Greene              0  0  0  -1  6   1  3  2  0/0   15 
Mike Grier               0  0  0  -1  0   2  1  0  1/2   12 
Mike Modano              0  0  0   1  0   1  1  0  11/22 14 
Patrick Marleau          2  1  3   1  0   9  1  0  1/3   18 
Radek Martinek           0  0  0   1  0   0  0  1  0/0   17 
Sam Gagner               1  0  1   1  0   1  2  0  1/3   14 
Shaone Morrisonn         0  0  0  -1  0   1  1  1  0/0   19 
Travis Moen              0  0  0  -1  0   0  1  0  2/7   11 
Vernon Fiddler           0  0  0  -1  0   2  0  0  8/20  12 
Vincent Lecavalier       0  1  1   1  0   2  0  0  12/20 16 

3 Stars

1 - Patrick Marleau (TOR)
2 - Milan Hejduk (MIN)
3 - Sam Gagner (TOR)

Power Play

Wild - 1 on 9 Attempt(s) - 11.11%
MapleLeafs - 1 on 7 Attempt(s) - 14.29%

Penalty Kill

Wild - 6 on 7 Attempt(s) - 85.71% - Score 0 goal in Penalty Kill
MapleLeafs - 8 on 9 Attempt(s) - 88.89% - Score 0 goal in Penalty Kill

Game Notes

Jordin Tootoo and Mark Eaton fight to a draw at 4:50 of 2nd period

Finance

Level 1 -- Attendance: 6500 (100.00%) -- Ticket Income $533,000.00
Level 2 -- Attendance: 5000 (100.00%) -- Ticket Income $210,000.00
Level 3 -- Attendance: 3500 (100.00%) -- Ticket Income $101,500.00
Level 4 -- Attendance: 2819 (100.00%) -- Ticket Income $39,466.00
Luxury Box -- Attendance: 1000 (100.00%) -- Ticket Income $190,000.00
Game was played at the Air Canada Center
Total Attendance: 18819 (100.00%)
Total Ticket Income: $1,145,634.00
Other Income: $202,529.10
Total Income: $1,348,163.00


Play by Play

Period #1

0:01 of 1st period - Vincent Lecavalier wins face-off versus Chris Drury in neutral zone.
0:15 of 1st period - Icing by Mark Eaton.
0:16 of 1st period - Mike Modano wins face-off versus Chris Drury in Wild zone.
0:19 of 1st period - Shot by Joffrey Lupul.
0:19 of 1st period - Stopped by Ilya Bryzgalov without a rebound.
0:20 of 1st period - Joe Pavelski wins face-off versus John Mitchell in Wild zone.
0:22 of 1st period - Martin St. Louis is hit by Jordin Tootoo.
0:28 of 1st period - Shot by Milan Hejduk.
0:28 of 1st period - Shot Misses the Net.
0:30 of 1st period - Shot by Milan Hejduk.
0:30 of 1st period - Stopped by Ryan Miller without a rebound.
0:31 of 1st period - Vincent Lecavalier wins face-off versus Rob Niedermayer in MapleLeafs zone.
0:33 of 1st period - Icing by Patrick Marleau.
0:34 of 1st period - Chris Drury wins face-off versus Vincent Lecavalier in MapleLeafs zone.
0:41 of 1st period - Shot by Daniel Alfredsson.
0:41 of 1st period - Stopped by Ryan Miller without a rebound.
0:42 of 1st period - Joe Pavelski wins face-off versus Mike Modano in MapleLeafs zone.
0:42 of 1st period - Martin St. Louis is hit by Anton Volchenkov and loses puck.
1:08 of 1st period - Shot by Joffrey Lupul.
1:08 of 1st period - Stopped by Ilya Bryzgalov without a rebound.
1:09 of 1st period - Vincent Lecavalier wins face-off versus Chris Drury in Wild zone.
1:14 of 1st period - Shot by Patrick Marleau.
1:14 of 1st period - Goal by Patrick Marleau - Wild : 0 - MapleLeafs : 1.
1:15 of 1st period - Rob Niedermayer wins face-off versus John Mitchell in neutral zone.
1:15 of 1st period - Rob Niedermayer is hit by Jordin Tootoo.
1:16 of 1st period - Minor Penalty to Keith Tkachuk for Hooking.
1:17 of 1st period - Olli Jokinen wins face-off versus Travis Moen in MapleLeafs zone.
1:24 of 1st period - Shot by Daniel Alfredsson.
1:24 of 1st period - Shot Misses the Net.
1:26 of 1st period - Shot by Jan Hejda.
1:26 of 1st period - Shot Misses the Net.
1:28 of 1st period - Shot by Freddy Meyer.
1:28 of 1st period - Shot Misses the Net.
1:30 of 1st period - Shot by Alexei Ponikarovsky.
1:30 of 1st period - Shot Misses the Net.
1:32 of 1st period - Shot by Freddy Meyer.
1:32 of 1st period - Shot Hit the Post.
1:41 of 1st period - Icing by Daniel Alfredsson.
1:42 of 1st period - Olli Jokinen wins face-off versus Vernon Fiddler in Wild zone.
1:42 of 1st period - Olli Jokinen is hit by Mike Grier.
1:47 of 1st period - Minor Penalty to Anton Volchenkov for Hooking.
1:48 of 1st period - Joe Pavelski wins face-off versus Vernon Fiddler in MapleLeafs zone.
3:09 of 1st period - Shot by Alexei Ponikarovsky.
3:09 of 1st period - Stopped by Ryan Miller without a rebound.
3:10 of 1st period - Vernon Fiddler wins face-off versus Olli Jokinen in MapleLeafs zone.
3:58 of 1st period - Shot by John Mitchell.
3:58 of 1st period - Shot Misses the Net.
4:11 of 1st period - Shot by Rob Niedermayer.
4:11 of 1st period - Shot Misses the Net.
4:14 of 1st period - Icing by Shaone Morrisonn.
4:15 of 1st period - Joe Pavelski wins face-off versus John Mitchell in MapleLeafs zone.
5:25 of 1st period - Shot by Marian Hossa.
5:25 of 1st period - Shot Blocked by Stephane Yelle.
5:35 of 1st period - Shot by Marian Hossa.
5:35 of 1st period - Stopped by Ilya Bryzgalov without a rebound.
5:36 of 1st period - Chris Drury wins face-off versus Mike Grier in Wild zone.
5:47 of 1st period - Shot by Mike Grier.
5:47 of 1st period - Stopped by Ilya Bryzgalov without a rebound.
5:48 of 1st period - Vincent Lecavalier wins face-off versus Chris Drury in Wild zone.
5:53 of 1st period - Shot by Patrick Marleau.
5:53 of 1st period - Stopped by Ilya Bryzgalov without a rebound.
5:54 of 1st period - Joe Pavelski wins face-off versus Vincent Lecavalier in Wild zone.
6:11 of 1st period - Shot by Drew Doughty.
6:11 of 1st period - Shot Blocked by Joe Pavelski.
6:54 of 1st period - Shot by Sam Gagner.
6:54 of 1st period - Deflect By Joffrey Lupul.
6:54 of 1st period - Stopped by Ilya Bryzgalov with a rebound.
6:56 of 1st period - Shot by Mike Modano.
6:56 of 1st period - Deflect By Joffrey Lupul.
6:56 of 1st period - Shot Misses the Net.
6:58 of 1st period - Shot by Anton Volchenkov.
6:58 of 1st period - Stopped by Ilya Bryzgalov with a rebound.
7:02 of 1st period - Shot by Joffrey Lupul.
7:02 of 1st period - Shot Blocked by Jan Hejda.
7:06 of 1st period - Shot by Mike Modano.
7:06 of 1st period - Stopped by Ilya Bryzgalov without a rebound.
7:07 of 1st period - Rob Niedermayer wins face-off versus John Mitchell in Wild zone.
7:07 of 1st period - Rob Niedermayer is hit by Jordin Tootoo.
7:40 of 1st period - Shot by Rob Niedermayer.
7:40 of 1st period - Stopped by Ryan Miller with a rebound.
7:42 of 1st period - Shot by Rob Niedermayer.
7:42 of 1st period - Stopped by Ryan Miller with a rebound.
8:52 of 1st period - Minor Penalty to Matt Greene for Roughing.
8:53 of 1st period - Alexei Ponikarovsky wins face-off versus Vernon Fiddler in MapleLeafs zone.
8:58 of 1st period - Shot by Jan Hejda.
8:58 of 1st period - Shot Misses the Net.
9:00 of 1st period - Shot by Freddy Meyer.
9:00 of 1st period - Stopped by Ryan Miller without a rebound.
9:01 of 1st period - Olli Jokinen wins face-off versus Travis Moen in MapleLeafs zone.
9:06 of 1st period - Shot by Olli Jokinen.
9:06 of 1st period - Stopped by Ryan Miller without a rebound.
9:07 of 1st period - Joe Pavelski wins face-off versus Vernon Fiddler in MapleLeafs zone.
9:48 of 1st period - Minor Penalty to Alexei Ponikarovsky for Holding.
9:49 of 1st period - Vincent Lecavalier wins face-off versus Chris Drury in Wild zone.
9:50 of 1st period - Shot by Patrick Marleau.
9:50 of 1st period - Shot Misses the Net.
9:54 of 1st period - Shot by Patrick Marleau.
9:54 of 1st period - Deflect By Vincent Lecavalier.
9:54 of 1st period - Shot Misses the Net.
9:56 of 1st period - Shot by Anton Volchenkov.
9:56 of 1st period - Shot Misses the Net.
10:00 of 1st period - Shot by Patrick Marleau.
10:00 of 1st period - Shot Misses the Net.
10:02 of 1st period - Shot by Vincent Lecavalier.
10:02 of 1st period - Shot Hit the Post.
10:37 of 1st period - Icing by Mark Eaton.
10:38 of 1st period - Sam Gagner wins face-off versus Daniel Alfredsson in Wild zone.
10:47 of 1st period - Shot by Marian Hossa.
10:47 of 1st period - Stopped by Ilya Bryzgalov without a rebound.
10:48 of 1st period - Martin St. Louis wins face-off versus Sam Gagner in Wild zone.
10:58 of 1st period - Icing by Sam Gagner.
10:59 of 1st period - Mike Modano wins face-off versus Chris Drury in MapleLeafs zone.
10:59 of 1st period - Mike Modano is hit by Chris Drury.
12:22 of 1st period - Shot by Vernon Fiddler.
12:22 of 1st period - Stopped by Ilya Bryzgalov with a rebound.
12:57 of 1st period - Icing by Dan Hamhuis.
12:58 of 1st period - Chris Drury wins face-off versus Patrick Marleau in MapleLeafs zone.
13:10 of 1st period - Minor Penalty to Dan Hamhuis for Cross-checking.
13:11 of 1st period - Mike Grier wins face-off versus Olli Jokinen in MapleLeafs zone.
13:34 of 1st period - Off-side.
13:35 of 1st period - Joe Pavelski wins face-off versus Travis Moen in neutral zone.
13:56 of 1st period - Shot by Joe Pavelski.
13:56 of 1st period - Stopped by Ryan Miller with a rebound.
14:34 of 1st period - Shot by Mike Grier.
14:34 of 1st period - Shot Blocked by Ryan Whitney.
16:12 of 1st period - Shot by Brian Willsie.
16:12 of 1st period - Deflect By Rob Niedermayer.
16:12 of 1st period - Stopped by Ryan Miller without a rebound.
16:13 of 1st period - Rob Niedermayer wins face-off versus Vincent Lecavalier in MapleLeafs zone.
16:21 of 1st period - Icing by Drew Doughty.
16:22 of 1st period - Vincent Lecavalier wins face-off versus Rob Niedermayer in MapleLeafs zone.
16:28 of 1st period - Icing by Marian Hossa.
16:29 of 1st period - Vincent Lecavalier wins face-off versus Chris Drury in MapleLeafs zone.
17:24 of 1st period - Shot by Brian Willsie.
17:24 of 1st period - Deflect By Rob Niedermayer.
17:24 of 1st period - Shot Misses the Net.
17:26 of 1st period - Shot by Stephane Yelle.
17:26 of 1st period - Stopped by Ryan Miller with a rebound.
17:28 of 1st period - Shot by Rob Niedermayer.
17:28 of 1st period - Stopped by Ryan Miller without a rebound.
17:29 of 1st period - Mike Modano wins face-off versus Martin St. Louis in MapleLeafs zone.
17:29 of 1st period - Mike Modano is hit by Martin St. Louis.
17:50 of 1st period - Icing by Jan Hejda.
17:51 of 1st period - Vernon Fiddler wins face-off versus Joe Pavelski in Wild zone.
17:55 of 1st period - Icing by Jan Hejda.
17:56 of 1st period - John Mitchell wins face-off versus Joe Pavelski in Wild zone.
17:59 of 1st period - Shot by Keith Tkachuk.
17:59 of 1st period - Stopped by Ilya Bryzgalov without a rebound.
18:00 of 1st period - Vernon Fiddler wins face-off versus Rob Niedermayer in Wild zone.
18:07 of 1st period - Freddy Meyer is hit by Travis Moen and loses puck.
18:16 of 1st period - Shot by Rob Niedermayer.
18:16 of 1st period - Shot Blocked by Matt Greene.
18:18 of 1st period - Shot by Stephane Yelle.
18:18 of 1st period - Goal by Stephane Yelle - Wild : 1 - MapleLeafs : 1.
18:19 of 1st period - Joe Pavelski wins face-off versus Mike Modano in neutral zone.
18:48 of 1st period - Anton Volchenkov is hit by Joe Pavelski and loses puck.
19:02 of 1st period - Icing by Ryan Whitney.
19:03 of 1st period - Joe Pavelski wins face-off versus Vincent Lecavalier in Wild zone.
19:22 of 1st period - Shot by Patrick Marleau.
19:22 of 1st period - Shot Misses the Net.
19:24 of 1st period - Shot by Dan Hamhuis.
19:24 of 1st period - Stopped by Ilya Bryzgalov with a rebound.
19:26 of 1st period - Shot by Patrick Marleau.
19:26 of 1st period - Shot Misses the Net.
19:28 of 1st period - Shot by Patrick Marleau.
19:28 of 1st period - Shot Misses the Net.
19:32 of 1st period - Shot by Marian Hossa.
19:32 of 1st period - Stopped by Ilya Bryzgalov with a rebound.
19:34 of 1st period - Shot by Patrick Marleau.
19:34 of 1st period - Goal by Patrick Marleau - Wild : 1 - MapleLeafs : 2.
19:35 of 1st period - Chris Drury wins face-off versus John Mitchell in neutral zone.
19:39 of 1st period - Minor Penalty to Alexei Ponikarovsky for Hooking.
19:40 of 1st period - Mike Modano wins face-off versus Chris Drury in Wild zone.

Period #2

0:01 of 2nd period - Chris Drury wins face-off versus Vincent Lecavalier in neutral zone.
0:31 of 2nd period - Patrick Marleau is hit by Freddy Meyer and loses puck.
1:02 of 2nd period - Shot by Shaone Morrisonn.
1:02 of 2nd period - Stopped by Ilya Bryzgalov without a rebound.
1:03 of 2nd period - Rob Niedermayer wins face-off versus Mike Modano in Wild zone.
1:18 of 2nd period - Icing by Joffrey Lupul.
1:19 of 2nd period - Mike Modano wins face-off versus Chris Drury in MapleLeafs zone.
1:54 of 2nd period - Minor Penalty to Drew Doughty for Holding Stick.
1:55 of 2nd period - Olli Jokinen wins face-off versus Vernon Fiddler in MapleLeafs zone.
2:05 of 2nd period - Icing by Freddy Meyer.
2:06 of 2nd period - Marian Hossa wins face-off versus Olli Jokinen in Wild zone.
2:06 of 2nd period - Marian Hossa is hit by Freddy Meyer.
3:10 of 2nd period - Shot by Martin St. Louis.
3:10 of 2nd period - Stopped by Ryan Miller with a rebound.
3:14 of 2nd period - Shot by Milan Hejduk.
3:14 of 2nd period - Goal by Milan Hejduk - Wild : 2 - MapleLeafs : 2.
3:15 of 2nd period - John Mitchell wins face-off versus Rob Niedermayer in neutral zone.
3:18 of 2nd period - Shot by Jordin Tootoo.
3:18 of 2nd period - Shot Misses the Net.
3:22 of 2nd period - Shot by Keith Tkachuk.
3:22 of 2nd period - Stopped by Ilya Bryzgalov without a rebound.
3:23 of 2nd period - Rob Niedermayer wins face-off versus Mike Modano in Wild zone.
3:46 of 2nd period - Shot by Sam Gagner.
3:46 of 2nd period - Goal by Sam Gagner - Wild : 2 - MapleLeafs : 3.
3:47 of 2nd period - John Mitchell wins face-off versus Joe Pavelski in neutral zone.
3:56 of 2nd period - Shot by John Mitchell.
3:56 of 2nd period - Deflect By Keith Tkachuk.
3:56 of 2nd period - Shot Misses the Net.
4:20 of 2nd period - Milan Hejduk is hit by Matt Greene and loses puck.
4:26 of 2nd period - Milan Hejduk is hit by Matt Greene and loses puck.
4:46 of 2nd period - Daniel Alfredsson is hit by Shaone Morrisonn and loses puck.
4:50 of 2nd period - Jordin Tootoo and Mark Eaton fight to a draw.
4:50 of 2nd period - Penalty to Jordin Tootoo for Fighting.
4:50 of 2nd period - Penalty to Mark Eaton for Fighting.
4:51 of 2nd period - Rob Niedermayer wins face-off versus Vincent Lecavalier in MapleLeafs zone.
4:51 of 2nd period - Aaron Ward is hit by Dan Hamhuis and loses puck.
5:01 of 2nd period - Minor Penalty to Aaron Ward for Boarding.
5:02 of 2nd period - Patrick Marleau wins face-off versus Chris Drury in Wild zone.
5:29 of 2nd period - Shot by Vincent Lecavalier.
5:29 of 2nd period - Stopped by Ilya Bryzgalov with a rebound.
5:31 of 2nd period - Shot by Dan Hamhuis.
5:31 of 2nd period - Shot Blocked by Freddy Meyer.
5:33 of 2nd period - Shot by Patrick Marleau.
5:33 of 2nd period - Shot Misses the Net.
5:37 of 2nd period - Shot by Patrick Marleau.
5:37 of 2nd period - Stopped by Ilya Bryzgalov without a rebound.
5:38 of 2nd period - Rob Niedermayer wins face-off versus Mike Modano in Wild zone.
6:43 of 2nd period - Shot by Marian Hossa.
6:43 of 2nd period - Stopped by Ilya Bryzgalov with a rebound.
6:45 of 2nd period - Shot by Patrick Marleau.
6:45 of 2nd period - Stopped by Ilya Bryzgalov without a rebound.
6:46 of 2nd period - Rob Niedermayer wins face-off versus Mike Modano in Wild zone.
6:46 of 2nd period - Rob Niedermayer is hit by Sam Gagner.
8:11 of 2nd period - Shot by Daniel Alfredsson.
8:11 of 2nd period - Shot Misses the Net.
8:13 of 2nd period - Shot by Jay Leach.
8:13 of 2nd period - Stopped by Ryan Miller without a rebound.
8:14 of 2nd period - Rob Niedermayer wins face-off versus John Mitchell in MapleLeafs zone.
8:47 of 2nd period - Shot by Stephane Yelle.
8:47 of 2nd period - Stopped by Ryan Miller without a rebound.
8:48 of 2nd period - Chris Drury wins face-off versus Sam Gagner in MapleLeafs zone.
10:20 of 2nd period - Shot by Vincent Lecavalier.
10:20 of 2nd period - Shot Misses the Net.
10:22 of 2nd period - Shot by Drew Doughty.
10:22 of 2nd period - Shot Misses the Net.
10:24 of 2nd period - Shot by Dan Hamhuis.
10:24 of 2nd period - Stopped by Ilya Bryzgalov without a rebound.
10:25 of 2nd period - Rob Niedermayer wins face-off versus Keith Tkachuk in Wild zone.
12:13 of 2nd period - Shot by Patrick Marleau.
12:13 of 2nd period - Shot Misses the Net.
12:41 of 2nd period - Shot by Joffrey Lupul.
12:41 of 2nd period - Stopped by Ilya Bryzgalov without a rebound.
12:42 of 2nd period - Joe Pavelski wins face-off versus Vernon Fiddler in Wild zone.
12:47 of 2nd period - Shot by Milan Hejduk.
12:47 of 2nd period - Shot Blocked by Matt Greene.
13:34 of 2nd period - Freddy Meyer is hit by Dan Hamhuis and loses puck.
13:43 of 2nd period - Shot by Rob Niedermayer.
13:43 of 2nd period - Shot Misses the Net.
13:45 of 2nd period - Shot by Rob Niedermayer.
13:45 of 2nd period - Stopped by Ryan Miller without a rebound.
13:46 of 2nd period - Mike Modano wins face-off versus Rob Niedermayer in MapleLeafs zone.
14:02 of 2nd period - Shot by Rob Niedermayer.
14:02 of 2nd period - Stopped by Ryan Miller without a rebound.
14:03 of 2nd period - Joe Pavelski wins face-off versus John Mitchell in MapleLeafs zone.
14:04 of 2nd period - Shot by Milan Hejduk.
14:04 of 2nd period - Shot Misses the Net.
14:20 of 2nd period - Shot by Jordin Tootoo.
14:20 of 2nd period - Stopped by Ilya Bryzgalov without a rebound.
14:21 of 2nd period - Chris Drury wins face-off versus Vernon Fiddler in Wild zone.
14:59 of 2nd period - Patrick Marleau is hit by Chris Drury and loses puck.
15:31 of 2nd period - Freddy Meyer is hit by Patrick Marleau and loses puck.
15:43 of 2nd period - Minor Penalty to Joffrey Lupul for Charging.
15:44 of 2nd period - Vernon Fiddler wins face-off versus Joe Pavelski in MapleLeafs zone.
16:50 of 2nd period - Shot by Rob Niedermayer.
16:50 of 2nd period - Stopped by Ryan Miller without a rebound.
16:51 of 2nd period - Olli Jokinen wins face-off versus Travis Moen in MapleLeafs zone.
17:50 of 2nd period - Minor Penalty to Matt Greene for Tripping.
17:51 of 2nd period - Travis Moen wins face-off versus Joe Pavelski in MapleLeafs zone.
19:05 of 2nd period - Icing by Daniel Alfredsson.
19:06 of 2nd period - Olli Jokinen wins face-off versus Patrick Marleau in Wild zone.
19:11 of 2nd period - Drew Doughty is hit by Alexei Ponikarovsky and loses puck.
19:19 of 2nd period - Icing by Daniel Alfredsson.
19:20 of 2nd period - Olli Jokinen wins face-off versus Vernon Fiddler in Wild zone.

Period #3

0:01 of 3rd period - Vincent Lecavalier wins face-off versus Chris Drury in neutral zone.
0:10 of 3rd period - Drew Doughty is hit by Alexei Ponikarovsky and loses puck.
0:17 of 3rd period - Shot by Daniel Alfredsson.
0:17 of 3rd period - Shot Misses the Net.
0:58 of 3rd period - Minor Penalty to Joffrey Lupul for Hooking.
0:59 of 3rd period - Vernon Fiddler wins face-off versus Martin St. Louis in MapleLeafs zone.
1:08 of 3rd period - Shot by Ryan Whitney.
1:08 of 3rd period - Shot Misses the Net.
1:12 of 3rd period - Shot by Joe Pavelski.
1:12 of 3rd period - Shot Blocked by Radek Martinek.
1:24 of 3rd period - Shot by Ryan Whitney.
1:24 of 3rd period - Shot Misses the Net.
2:21 of 3rd period - Off-side.
2:22 of 3rd period - Travis Moen wins face-off versus Joe Pavelski in neutral zone.
2:41 of 3rd period - Shot by Joe Pavelski.
2:41 of 3rd period - Shot Misses the Net.
2:43 of 3rd period - Shot by Ryan Whitney.
2:43 of 3rd period - Shot Blocked by Shaone Morrisonn.
2:47 of 3rd period - Shot by Martin St. Louis.
2:47 of 3rd period - Shot Misses the Net.
3:08 of 3rd period - Shot by John Mitchell.
3:08 of 3rd period - Stopped by Ilya Bryzgalov without a rebound.
3:09 of 3rd period - Mike Modano wins face-off versus Rob Niedermayer in Wild zone.
3:09 of 3rd period - Sam Gagner is hit by Freddy Meyer and loses puck.
3:18 of 3rd period - Freddy Meyer is hit by Mike Modano.
3:22 of 3rd period - Shot by Aaron Ward.
3:22 of 3rd period - Stopped by Ryan Miller without a rebound.
3:23 of 3rd period - Chris Drury wins face-off versus John Mitchell in MapleLeafs zone.
4:41 of 3rd period - Shot by Patrick Marleau.
4:41 of 3rd period - Stopped by Ilya Bryzgalov without a rebound.
4:42 of 3rd period - Joe Pavelski wins face-off versus Mike Modano in Wild zone.
4:42 of 3rd period - Joe Pavelski is hit by Joffrey Lupul.
4:51 of 3rd period - Minor Penalty to Joe Pavelski for Slashing.
4:52 of 3rd period - Mike Modano wins face-off versus Rob Niedermayer in Wild zone.
6:53 of 3rd period - Icing by Patrick Marleau.
6:54 of 3rd period - Vernon Fiddler wins face-off versus Joe Pavelski in MapleLeafs zone.
7:08 of 3rd period - Minor Penalty to Matt Greene for Goalie Interference.
7:09 of 3rd period - Olli Jokinen wins face-off versus Vernon Fiddler in MapleLeafs zone.
7:55 of 3rd period - Shot by Milan Hejduk.
7:55 of 3rd period - Stopped by Ryan Miller without a rebound.
7:56 of 3rd period - Joe Pavelski wins face-off versus Vernon Fiddler in MapleLeafs zone.
8:25 of 3rd period - Shot by Milan Hejduk.
8:25 of 3rd period - Stopped by Ryan Miller with a rebound.
8:56 of 3rd period - Icing by Mark Eaton.
8:57 of 3rd period - Olli Jokinen wins face-off versus Travis Moen in Wild zone.
9:18 of 3rd period - Brian Willsie is hit by Matt Greene and loses puck.
9:57 of 3rd period - Brian Willsie is hit by Sam Gagner and loses puck.
10:07 of 3rd period - Minor Penalty to Freddy Meyer for Tripping.
10:08 of 3rd period - Vincent Lecavalier wins face-off versus Chris Drury in Wild zone.
10:10 of 3rd period - Marian Hossa is hit by Mark Eaton.
10:18 of 3rd period - Shot by Marian Hossa.
10:18 of 3rd period - Deflect By Patrick Marleau.
10:18 of 3rd period - Stopped by Ilya Bryzgalov with a rebound.
10:20 of 3rd period - Shot by Drew Doughty.
10:20 of 3rd period - Stopped by Ilya Bryzgalov without a rebound.
10:21 of 3rd period - Mike Modano wins face-off versus Daniel Alfredsson in Wild zone.
10:50 of 3rd period - Shot by Sam Gagner.
10:50 of 3rd period - Shot Misses the Net.
11:33 of 3rd period - Patrick Marleau is hit by Mark Eaton and loses puck.
12:25 of 3rd period - Shot by Mike Grier.
12:25 of 3rd period - Stopped by Ilya Bryzgalov without a rebound.
12:26 of 3rd period - Vernon Fiddler wins face-off versus Rob Niedermayer in Wild zone.
12:27 of 3rd period - Shot by Matt Greene.
12:27 of 3rd period - Stopped by Ilya Bryzgalov without a rebound.
12:28 of 3rd period - Rob Niedermayer wins face-off versus Vincent Lecavalier in Wild zone.
12:30 of 3rd period - Icing by Freddy Meyer.
12:31 of 3rd period - Rob Niedermayer wins face-off versus Vernon Fiddler in Wild zone.
12:37 of 3rd period - Off-side.
12:38 of 3rd period - Alexei Ponikarovsky wins face-off versus Mike Modano in neutral zone.
12:43 of 3rd period - Shot by Daniel Alfredsson.
12:43 of 3rd period - Shot Blocked by Anton Volchenkov.
12:53 of 3rd period - Shot by Joffrey Lupul.
12:53 of 3rd period - Stopped by Ilya Bryzgalov with a rebound.
12:55 of 3rd period - Shot by Anton Volchenkov.
12:55 of 3rd period - Stopped by Ilya Bryzgalov without a rebound.
12:56 of 3rd period - Vernon Fiddler wins face-off versus Joe Pavelski in Wild zone.
13:00 of 3rd period - Travis Moen is hit by Michal Rozsival and loses puck.
13:07 of 3rd period - Shot by Vernon Fiddler.
13:07 of 3rd period - Stopped by Ilya Bryzgalov without a rebound.
13:08 of 3rd period - Vincent Lecavalier wins face-off versus Rob Niedermayer in Wild zone.
13:13 of 3rd period - Shot by Vincent Lecavalier.
13:13 of 3rd period - Shot Misses the Net.
13:15 of 3rd period - Shot by Patrick Marleau.
13:15 of 3rd period - Stopped by Ilya Bryzgalov with a rebound.
13:19 of 3rd period - Shot by Patrick Marleau.
13:19 of 3rd period - Stopped by Ilya Bryzgalov with a rebound.
13:23 of 3rd period - Shot by Marian Hossa.
13:23 of 3rd period - Shot Blocked by Aaron Ward.
13:29 of 3rd period - Shot by Marian Hossa.
13:29 of 3rd period - Deflect By Vincent Lecavalier.
13:29 of 3rd period - Shot Blocked by Aaron Ward.
13:33 of 3rd period - Shot by Vincent Lecavalier.
13:33 of 3rd period - Stopped by Ilya Bryzgalov without a rebound.
13:34 of 3rd period - Joe Pavelski wins face-off versus Vernon Fiddler in Wild zone.
13:53 of 3rd period - Shot by Joe Pavelski.
13:53 of 3rd period - Stopped by Ryan Miller without a rebound.
13:54 of 3rd period - Chris Drury wins face-off versus Mike Modano in MapleLeafs zone.
13:57 of 3rd period - Shot by Chris Drury.
13:57 of 3rd period - Stopped by Ryan Miller without a rebound.
13:58 of 3rd period - Mike Modano wins face-off versus Chris Drury in MapleLeafs zone.
13:58 of 3rd period - Mike Modano is hit by Chris Drury.
14:26 of 3rd period - Minor Penalty to Jan Hejda for Roughing.
14:27 of 3rd period - Vincent Lecavalier wins face-off versus Rob Niedermayer in Wild zone.
14:28 of 3rd period - Shot by Patrick Marleau.
14:28 of 3rd period - Deflect By Marian Hossa.
14:28 of 3rd period - Shot Misses the Net.
14:30 of 3rd period - Shot by Dan Hamhuis.
14:30 of 3rd period - Shot Misses the Net.
14:59 of 3rd period - Shot by Patrick Marleau.
14:59 of 3rd period - Shot Misses the Net.
15:01 of 3rd period - Shot by Dan Hamhuis.
15:01 of 3rd period - Goal by Dan Hamhuis - Wild : 2 - MapleLeafs : 4.
15:02 of 3rd period - Joe Pavelski wins face-off versus John Mitchell in neutral zone.
15:40 of 3rd period - Shot by Joe Pavelski.
15:40 of 3rd period - Stopped by Ryan Miller without a rebound.
15:41 of 3rd period - Mike Modano wins face-off versus Rob Niedermayer in MapleLeafs zone.
15:41 of 3rd period - Mike Modano is hit by Rob Niedermayer.
16:04 of 3rd period - Sam Gagner is hit by Freddy Meyer and loses puck.
16:38 of 3rd period - Icing by Drew Doughty.
16:39 of 3rd period - Chris Drury wins face-off versus Vincent Lecavalier in MapleLeafs zone.
17:44 of 3rd period - Shot by Martin St. Louis.
17:44 of 3rd period - Shot Misses the Net.
17:52 of 3rd period - Shot by Milan Hejduk.
17:52 of 3rd period - Deflect By Joe Pavelski.
17:52 of 3rd period - Goal by Joe Pavelski - Wild : 3 - MapleLeafs : 4.
17:53 of 3rd period - John Mitchell wins face-off versus Joe Pavelski in neutral zone.
18:09 of 3rd period - Off-side.
18:10 of 3rd period - Chris Drury wins face-off versus Mike Modano in neutral zone.
18:22 of 3rd period - Shot by Anton Volchenkov.
18:22 of 3rd period - Stopped by Ilya Bryzgalov without a rebound.
18:23 of 3rd period - Rob Niedermayer wins face-off versus Mike Modano in Wild zone.
19:22 of 3rd period - Wild, Ilya Bryzgalov is pulled from the net.
19:25 of 3rd period - Minor Penalty to Alexei Ponikarovsky for Tripping.
19:26 of 3rd period - Ilya Bryzgalov from Wild was sent back in the game.
19:26 of 3rd period - Vincent Lecavalier wins face-off versus Chris Drury in Wild zone.


Output by the SimonT Hockey Simulator (STHS) for Stephane Roy -- Original Page W3C XHTML 1.0 Valid